 Dungeon Crawl Stone Soup version 0.28.0-62-gf88900778d (webtiles) character file.

Game seed: 2596955955082034856

325 cbfl8 the Poker (level 6, -2/49 HPs)
             Began as a Merfolk Berserker on Sept 12, 2023.
             Was a Believer of Trog.
             Shot with an arrow by a centaur (9 damage)
             ... on level 5 of the Dungeon.
             The game lasted 00:03:32 (4802 turns).

cbfl8 the Poker (Merfolk Berserker)                 Turns: 4802, Time: 00:03:33

Health: -2/49      AC:  9    Str: 17    XL:     6   Next: 48%
Magic:  6/6        EV:  3    Int:  6    God:    Trog [**....]
Gold:   226        SH: 12    Dex: 16    Spells: 5/5 levels left

rFire   . . .      SeeInvis +   a - +0 spear
rCold   . . .      Faith    .   n - +0 tower shield
rNeg    . . .      Spirit   .   r - +0 chain mail
rPois   .          Reflect  .   (no helmet)
rElec   .          Harm     .   (no cloak)
rCorr   .          Rampage  .   (no gloves)
Will    .....                   l - +0 pair of boots
Stlth   ..........              (no amulet)
HPRegen 0.16/turn               t - ring of see invisible
MPRegen 0.10/turn               (no ring)

@: on berserk cooldown
A: (nimble swimmer 2), mertail
a: Renounce Religion, Berserk, Trog's Hand


You were on level 5 of the Dungeon.
You worshipped Trog.
Trog was pleased with you.
You visited 1 branch of the dungeon, and saw 5 of its levels.

You collected 226 gold pieces.

Inventory:

Hand Weapons
 a - a +0 spear (weapon)
Armour
 l - a +0 pair of boots (worn)
 n - a +0 tower shield (worn)
 r - a +0 chain mail (worn)
Jewellery
 t - a ring of see invisible (left hand)
Wands
 k - a wand of iceblast (13)
 v - a wand of acid (12)
Scrolls
 b - a scroll of amnesia {unknown}
 c - a scroll of enchant armour {unknown}
 d - a scroll of teleportation {unknown}
 j - a scroll of noise
 m - a scroll of acquirement {unknown}
 o - a scroll of identify
 p - a scroll of brand weapon {unknown}
 s - 2 scrolls of silence
 w - a scroll of blinking {unknown}
Potions
 e - 2 potions of cancellation {unknown}
 f - a potion of brilliance {unknown}
 g - a potion of flight {unknown}
 h - a potion of might {unknown}
 i - a potion of heal wounds {unknown}
 q - a potion of attraction {unknown}
 u - a potion of degeneration {unknown}


   Skills:
 + Level 4.6 Fighting
 + Level 6.9 Polearms
 + Level 1.7 Armour
 - Level 2.6 Dodging
 + Level 2.3 Shields
 * Level 2.6 Evocations


You had 5 spell levels left.
You didn't know any spells.
Your spell library was empty.

Dungeon Overview and Level Annotations

Branches:
Dungeon (5/15)
 Temple: D:4-7

Altars:
Ru

Shops:
D:5 :


Innate Abilities, Weirdness & Mutations

((You are very nimble when in or above water. (Stealth+, EV+, Speed+++)))
Your lower body shifts to a powerful aquatic tail in water.


Message History

The centaur kicks you but does no damage.
You hit the yak.
The yak is almost dead.
The yak gores you!
The centaur hits you but does no damage.
You block the centaur's attack.
Unknown command.
You feel a strong urge to attack something.
You are no longer berserk.
You are exhausted.
You feel yourself slow down.
You hit the yak.
The yak is almost dead.
You block the yak's attack.
As you read the scroll labelled BEFUS VOMI, it crumbles to dust.
You hear a loud clanging noise!
It was a scroll of noise.
You hear a shout!
You block the yak's attack. The yak gores you!
Unknown command.
As you read the scroll labelled HOL IM NO WOE, it crumbles to dust.
It is a scroll of identify.
s - 2 scrolls of silence The yak gores you!
* * * LOW HITPOINT WARNING * * *
Okay, then.
You block the yak's attack. You block the yak's attack. The yak gores you.
* * * LOW HITPOINT WARNING * * *
You block the yak's attack. The yak gores you.
* * * LOW HITPOINT WARNING * * *
You feel yourself speed up.
The centaur wields a +0 shortbow.
The centaur shoots an arrow.
You block the arrow.
The centaur shoots an arrow.
You block the arrow.
The centaur shoots an arrow.
The arrow barely misses you.
The centaur shoots an arrow.
The arrow hits you!
You die...

######...#.....#...
#....+...#....Y#....#
#...##......Y..#..>.#
##..##.#.....###(#+##
#..##....Yc.# #..
##..'.##.....# ###
##...#.##.Y...#
#....#.##Y....#
######.##@...##
####### #.....##.##.##
......# #.######'##..#
#####.###.#...#≈.###.#
##.....#.##≈≈.###.#
#..#......+..∩..+.#
#..#..#...###.≈≈###
#.....#.#...#.≈##
#..#........#'##


You could see 5 yaks and a centaur.

Vanquished Creatures
  A centaur (D:4)
  A scorpion (D:4)
  A bullfrog zombie (D:3)
  Jessica (D:2)
  2 adders
  2 ufetubi
  4 dart slugs
  5 orcs
  15 ball pythons
  7 endoplasms
  4 giant cockroaches
  7 hobgoblins
  3 jackals (D:2)
  5 kobolds
  2 quokkas
  3 bats
  2 frilled lizards (D:2)
  7 goblins
  10 rats
82 creatures vanquished.

Notes
Turn   | Place    | Note
-------+----------+-------------------------------------------
     0 | D:1      | cbfl8 the Merfolk Berserker began the quest for the Orb.
     0 | D:1      | Reached XP level 1. HP: 18/18 MP: 1/1
   250 | D:1      | Reached XP level 2. HP: 17/24 MP: 2/2
   679 | D:1      | Reached skill level 5 in Polearms
   908 | D:1      | Reached XP level 3. HP: 30/30 MP: 3/3
   914 | D:1      | Reached skill level 1 in Evocations
   934 | D:1      | Found a faded altar of an unknown god.
   947 | D:1      | Reached ** piety under Trog
  1892 | D:2      | Noticed Jessica
  1898 | D:2      | Killed Jessica
  1899 | D:2      | Reached XP level 4. HP: 27/37 MP: 4/4
  2612 | D:3      | Reached skill level 6 in Polearms
  2612 | D:3      | Reached XP level 5. HP: 30/43 MP: 5/5
  3286 | D:3      | Reached skill level 1 in Shields
  3897 | D:4      | Found a sacrificial altar of Ru.
  4209 | D:4      | Noticed a centaur
  4217 | D:4      | Killed a centaur
  4218 | D:4      | Reached XP level 6. HP: 48/48 MP: 6/6
  4614 | D:5      | Entered Level 5 of the Dungeon
  4686 | D:5      | Found Meownump's Book Boutique.
  4763 | D:5      | Noticed a yak
  4764 | D:5      | Noticed a yak
  4764 | D:5      | Noticed a yak
  4766 | D:5      | Noticed a yak
  4766 | D:5      | Noticed a yak
  4766 | D:5      | Noticed a yak
  4802 | D:5      | Shot with an arrow by a centaur

Illustrated notes

Levels and vault maps discovered:
D:1:      minmay_arrival_plants_in_alcoves, layout_loops_ring,
          nicolae_ecumenical_snake_handling
D:2:      kennysheep_six_static_rooms, layout_basic, uniq_jessica
D:3:      layout_rooms
D:4:      layout_gridville, mainiacjoe_overflow_concentric_impassable
D:5:      layout_basic, gup_sewer_entry_bubbles, serial_shops,
          nicolae_shop_hallway_plus

Skill      XL: |  1  2  3  4  5  6 |
---------------+-------------------+-----
Polearms       | 5 6 |  6.9
Evocations     | 1 2 |  2.6
Fighting       | 4 |  4.6
Shields        | 1 2 |  2.3
Armour         | |  1.7
Dodging        | |  2.6

Action                   |  1- 3 |  4- 6 || total
-------------------------+-------+-------++-------
Melee: Spear             |   136 |   148 ||   284
Invok: Berserk           |     1 |     2 ||     3
  Use: Scroll            |       |     2 ||     2
 Stab: Sleeping          |     2 |     2 ||     4
Armor: Animal skin       |    15 |    15 ||    30
       Chain mail        |       |    38 ||    38
Dodge: Dodged            |    32 |    28 ||    60
Block: Buckler           |    12 |       ||    12
       Tower shield      |       |   106 ||   106
